[ AOE2 MATCH · #507384820 ]
UnrankedWei vs Poles
Player's team · LOSS
Rival team · WIN
[ REPLAY ANALYSIS · EXTRACTED FROM THE RECORDED GAME ]
Feudal
8:55
Castle
21:17
Imperial
32:18
| APM avg | 39.9 |
| APM peak | 62 |
| eAPM avg | 25.4 |
| Villagers / military | 122 / 13 |
Focus
⚔️ 30.1% · 🌾 69.9%
Unknown (1952) ×55 · Scout Cavalry ×10 · Unknown (1942) ×5 · Unknown (1949) ×3 · Monk ×2 · Archer ×1
Feudal
8:56
Castle
20:56
Imperial
33:32
| APM avg | 41.5 |
| APM peak | 88 |
| eAPM avg | 25.7 |
| Villagers / military | 146 / 82 |
Focus
⚔️ 31.2% · 🌾 68.8%
Knight ×70 · Bombard Cannon ×8 · Monk ×4
Match map
Initial resources + every placement click. Lines = walls · curves = elevation contours. ◆ gold · ⬟ stone · ● berries · ✦ relic · ◌ wall gap
Your base· ✓ Closed at 21:17 · 19t walls · 2 gate(s) · fragile
LE | Asav's base· ✓ Closed at 20:56 · 51t walls · 7 gate(s)
Smoothed initial terrain · ◌ = detected wall gap · hover for details
Inputs per minute
— 巨大豚 - - LE | Asav
Build order — 巨大豚
First 150 of 328 actions detected
| 0:02 | Create | Villager (Male) |
| 0:03 | Build | House |
| 0:08 | Build | House |
| 0:14 | Create | Villager (Male) |
| 0:19 | Create | Villager (Male) |
| 0:37 | Create | Villager (Male) |
| 1:36 | Create | Villager (Male) |
| 1:58 | Create | Villager (Male) |
| 2:10 | Build | Lumber Camp |
| 2:20 | Create | Villager (Male) |
| 2:50 | Create | Villager (Male) |
| 2:58 | Create | Villager (Male) |
| 3:22 | Create | Villager (Male) |
| 3:51 | Build | House |
| 3:59 | Create | Villager (Male) |
| 4:28 | Create | Villager (Male) |
| 4:36 | Build | Mill |
| 4:45 | Create | Villager (Male) |
| 4:48 | Create | Villager (Male) |
| 5:00 | Create | Villager (Male) |
| 5:06 | Create | Villager (Male) |
| 6:45 | Research | Feudal Age |
| 6:45 | Research | Feudal Age |
| 7:15 | Build | Palisade Wall |
| 7:15 | Build | Palisade Wall |
| 7:49 | Create | Villager (Male) |
| 8:00 | Create | Villager (Male) |
| 8:09 | Create | Villager (Male) |
| 8:19 | Research | Loom |
| 8:52 | Build | House |
| 8:55 | Age | Feudal Age |
| 9:08 | Research | Double-Bit Axe |
| 9:08 | Research | Double-Bit Axe |
| 9:09 | Research | Horse Collar |
| 9:09 | Research | Horse Collar |
| 9:11 | Create | Villager (Male) |
| 9:19 | Create | Villager (Male) |
| 9:24 | Build | House |
| 9:33 | Build | House |
| 9:38 | Create | Villager (Male) |
| 9:45 | Build | Palisade Wall |
| 9:45 | Build | Palisade Wall |
| 9:51 | Create | Villager (Male) |
| 9:55 | Create | Villager (Male) |
| 10:01 | Build | Palisade Wall |
| 10:04 | Build | Palisade Wall |
| 10:14 | Build | Watch Tower |
| 10:15 | Create | Villager (Male) |
| 10:21 | Build | House |
| 10:23 | Build | Palisade Wall |
| 10:40 | Create | Villager (Male) |
| 10:57 | Create | Villager (Male) |
| 11:07 | Create | Villager (Male) |
| 11:27 | Build | Farm |
| 11:27 | Build | Farm |
| 11:28 | Build | Farm |
| 11:30 | Build | Farm |
| 11:32 | Build | Farm |
| 11:33 | Build | Farm |
| 11:44 | Create | Villager (Male) |
| 11:47 | Build | Mining Camp |
| 11:52 | Build | Farm |
| 11:53 | Build | Farm |
| 12:00 | Create | Villager (Male) |
| 12:26 | Build | Blacksmith |
| 12:29 | Create | Villager (Male) |
| 12:37 | Build | Farm |
| 12:40 | Create | Villager (Male) |
| 12:59 | Create | Villager (Male) |
| 13:01 | Build | House |
| 13:25 | Build | Watch Tower |
| 13:27 | Build | Farm |
| 13:32 | Build | House |
| 13:49 | Build | Watch Tower |
| 13:50 | Create | Villager (Male) |
| 13:59 | Build | Farm |
| 14:02 | Create | Villager (Male) |
| 14:07 | Build | Palisade Wall |
| 14:13 | Research | Fletching |
| 14:14 | Research | Fletching |
| 14:30 | Build | Farm |
| 15:03 | Create | Villager (Male) |
| 15:23 | Create | Villager (Male) |
| 15:38 | Research | Wheelbarrow |
| 16:03 | Build | Barracks |
| 16:09 | Build | Barracks |
| 16:12 | Create | Villager (Male) |
| 16:35 | Build | Farm |
| 16:36 | Build | Farm |
| 16:38 | Build | Farm |
| 16:39 | Build | Farm |
| 16:44 | Build | Farm |
| 16:55 | Research | Stone Mining |
| 16:57 | Create | Villager (Male) |
| 17:10 | Create | Villager (Male) |
| 17:31 | Build | Market |
| 18:11 | Create | Villager (Male) |
| 18:16 | Build | Farm |
| 18:37 | Research | Castle Age |
| 18:38 | Research | Castle Age |
| 18:51 | Build | Mining Camp |
| 19:12 | Research | Gold Mining |
| 19:26 | Build | Archery Range |
| 19:59 | Build | House |
| 20:00 | Build | House |
| 20:01 | Build | House |
| 20:36 | Create | Archer |
| 21:17 | Age | Castle Age |
| 21:20 | Create | Villager (Male) |
| 21:21 | Research | Bow Saw |
| 21:47 | Build | Castle |
| 21:58 | Create | Villager (Male) |
| 21:59 | Research | Heavy Plow |
| 22:05 | Create | Villager (Male) |
| 22:18 | Create | Villager (Male) |
| 22:27 | Build | Town Center |
| 22:35 | Create | Villager (Male) |
| 22:43 | Build | Farm |
| 22:51 | Create | Unit 1949 |
| 23:08 | Build | Farm |
| 23:14 | Build | Farm |
| 23:16 | Create | Unit 1949 |
| 23:25 | Build | Farm |
| 23:26 | Create | Villager (Male) |
| 23:27 | Create | Unit 1949 |
| 23:56 | Build | Town Center |
| 23:58 | Create | Villager (Male) |
| 24:08 | Create | Villager (Male) |
| 24:08 | Create | Villager (Male) |
| 24:11 | Build | Monastery |
| 24:13 | Create | Villager (Male) |
| 24:21 | Build | Farm |
| 24:30 | Create | Villager (Male) |
| 24:34 | Create | Villager (Male) |
| 24:39 | Create | Villager (Male) |
| 24:45 | Create | Villager (Male) |
| 24:46 | Build | Farm |
| 24:51 | Build | Farm |
| 24:53 | Create | Villager (Male) |
| 25:03 | Build | Farm |
| 25:20 | Create | Monk |
| 25:22 | Create | Villager (Male) |
| 25:24 | Research | Hand Cart |
| 25:24 | Research | Hand Cart |
| 25:24 | Research | Town Watch |
| 25:24 | Research | Town Watch |
| 25:29 | Build | Farm |
| 25:31 | Build | Farm |
| 25:32 | Create | Villager (Male) |
| 25:38 | Build | Farm |
Build order — LE | Asav
First 150 of 442 actions detected
| 0:00 | Create | Villager (Male) |
| 0:01 | Create | Villager (Male) |
| 0:01 | Create | Villager (Male) |
| 0:02 | Build | House |
| 0:04 | Build | House |
| 0:37 | Create | Villager (Male) |
| 1:24 | Create | Villager (Male) |
| 1:24 | Create | Villager (Male) |
| 1:49 | Build | Lumber Camp |
| 2:00 | Create | Villager (Male) |
| 2:00 | Create | Villager (Male) |
| 2:31 | Create | Villager (Male) |
| 2:32 | Create | Villager (Male) |
| 2:49 | Create | Villager (Male) |
| 2:50 | Create | Villager (Male) |
| 3:14 | Create | Villager (Male) |
| 3:14 | Create | Villager (Male) |
| 3:37 | Build | Mill |
| 3:49 | Create | Villager (Male) |
| 3:52 | Create | Villager (Male) |
| 4:20 | Create | Villager (Male) |
| 4:20 | Create | Villager (Male) |
| 5:25 | Create | Villager (Male) |
| 5:25 | Create | Villager (Male) |
| 5:26 | Research | Loom |
| 6:46 | Research | Feudal Age |
| 7:08 | Build | Palisade Wall |
| 7:21 | Build | Mining Camp |
| 7:26 | Build | Mining Camp |
| 7:59 | Create | Villager (Male) |
| 8:48 | Build | House |
| 8:56 | Age | Feudal Age |
| 8:57 | Build | House |
| 9:03 | Build | Watch Tower |
| 9:04 | Create | Villager (Male) |
| 9:16 | Research | Double-Bit Axe |
| 9:16 | Research | Double-Bit Axe |
| 9:22 | Build | Blacksmith |
| 9:32 | Create | Villager (Male) |
| 9:46 | Build | House |
| 9:57 | Create | Villager (Male) |
| 10:09 | Create | Villager (Male) |
| 10:36 | Research | Fletching |
| 10:50 | Build | Watch Tower |
| 10:52 | Build | House |
| 11:02 | Create | Villager (Male) |
| 11:21 | Create | Villager (Male) |
| 11:30 | Build | Lumber Camp |
| 11:39 | Create | Villager (Male) |
| 11:39 | Create | Villager (Male) |
| 12:20 | Create | Villager (Male) |
| 12:35 | Research | Horse Collar |
| 12:35 | Research | Horse Collar |
| 12:58 | Create | Villager (Male) |
| 12:58 | Create | Villager (Male) |
| 12:58 | Create | Villager (Male) |
| 13:14 | Create | Villager (Male) |
| 13:18 | Build | Farm |
| 13:23 | Build | Farm |
| 13:25 | Build | Farm |
| 13:28 | Build | Farm |
| 13:40 | Build | Watch Tower |
| 13:50 | Build | Outpost |
| 13:53 | Research | Town Watch |
| 13:53 | Research | Town Watch |
| 13:55 | Build | Farm |
| 14:01 | Build | Farm |
| 14:08 | Create | Villager (Male) |
| 14:08 | Create | Villager (Male) |
| 14:26 | Create | Villager (Male) |
| 14:27 | Create | Villager (Male) |
| 14:45 | Create | Villager (Male) |
| 14:53 | Build | Mill |
| 15:05 | Build | Stone Wall |
| 15:06 | Build | Stone Wall |
| 15:07 | Build | Gate |
| 15:35 | Build | Outpost |
| 15:39 | Build | Farm |
| 15:41 | Build | Farm |
| 15:42 | Build | Farm |
| 15:45 | Build | Farm |
| 15:47 | Build | Farm |
| 15:51 | Create | Villager (Male) |
| 15:59 | Build | Farm |
| 16:04 | Build | Farm |
| 16:08 | Build | Stone Wall |
| 16:09 | Build | Gate |
| 16:23 | Create | Villager (Male) |
| 17:01 | Create | Villager (Male) |
| 17:03 | Build | Farm |
| 17:08 | Build | Market |
| 17:13 | Build | Market |
| 17:14 | Build | House |
| 17:37 | Create | Villager (Male) |
| 18:02 | Create | Villager (Male) |
| 18:16 | Research | Castle Age |
| 18:54 | Build | Gate |
| 18:56 | Build | Stone Wall |
| 19:50 | Research | Stone Mining |
| 20:09 | Build | Gate |
| 20:10 | Build | Stone Wall |
| 20:13 | Build | Stone Wall |
| 20:17 | Build | Stone Wall |
| 20:31 | Build | Lumber Camp |
| 20:56 | Age | Castle Age |
| 20:59 | Create | Villager (Male) |
| 21:05 | Build | Monastery |
| 21:07 | Build | House |
| 21:20 | Build | Town Center |
| 21:23 | Research | Bodkin Arrow |
| 21:29 | Create | Villager (Male) |
| 21:30 | Create | Villager (Male) |
| 21:52 | Research | Bow Saw |
| 21:55 | Create | Villager (Male) |
| 21:56 | Create | Villager (Male) |
| 22:00 | Build | Town Center |
| 22:29 | Build | House |
| 22:32 | Create | Monk |
| 22:40 | Create | Monk |
| 22:42 | Create | Villager (Male) |
| 22:42 | Create | Villager (Male) |
| 22:58 | Build | Town Center |
| 23:32 | Build | Outpost |
| 23:33 | Build | Outpost |
| 23:34 | Build | Outpost |
| 23:36 | Create | Villager (Male) |
| 23:36 | Create | Villager (Male) |
| 23:36 | Create | Villager (Male) |
| 23:48 | Create | Villager (Male) |
| 23:49 | Create | Villager (Male) |
| 23:49 | Create | Villager (Male) |
| 23:54 | Build | Town Center |
| 24:00 | Build | Town Center |
| 24:01 | Create | Villager (Male) |
| 24:01 | Create | Villager (Male) |
| 24:13 | Create | Villager (Male) |
| 24:14 | Create | Villager (Male) |
| 24:14 | Create | Villager (Male) |
| 24:14 | Create | Villager (Male) |
| 24:26 | Create | Monk |
| 24:26 | Create | Monk |
| 24:27 | Create | Villager (Male) |
| 24:28 | Create | Villager (Male) |
| 24:28 | Create | Villager (Male) |
| 24:28 | Create | Villager (Male) |
| 24:30 | Research | Heavy Plow |
| 24:31 | Research | Heavy Plow |
| 24:35 | Build | Lumber Camp |
| 24:46 | Create | Villager (Male) |
| 24:46 | Create | Villager (Male) |
Match timeline
| 7:08 | LE | Asav · wall_segment Palisade Wall x1 |
| 7:15 | 巨大豚 · wall_segment Palisade Wall x1 |
| 7:15 | 巨大豚 · wall_segment Palisade Wall x1 |
| 8:55 | 巨大豚 · age_up feudal |
| 8:56 | LE | Asav · age_up feudal |
| 9:45 | 巨大豚 · wall_segment Palisade Wall x6 |
| 9:45 | 巨大豚 · wall_segment Palisade Wall x1 |
| 10:01 | 巨大豚 · wall_segment Palisade Wall x4 |
| 10:04 | 巨大豚 · wall_segment Palisade Wall x4 |
| 10:23 | 巨大豚 · wall_segment Palisade Wall x1 |
| 14:07 | 巨大豚 · wall_segment Palisade Wall x1 |
| 15:05 | LE | Asav · wall_segment Stone Wall x10 |
| 15:06 | LE | Asav · wall_segment Stone Wall x1 |
| 16:03 | 巨大豚 · first_building Barracks |
| 16:08 | LE | Asav · wall_segment Stone Wall x13 |
| 18:15 | LE | Asav · first_market_sell 100 food |
| 18:28 | 巨大豚 · first_market_sell 100 wood |
| 18:56 | LE | Asav · wall_segment Stone Wall x16 |
| 19:26 | 巨大豚 · first_building Archery Range |
| 20:10 | LE | Asav · wall_segment Stone Wall x1 |
| 20:13 | LE | Asav · wall_segment Stone Wall x7 |
| 20:17 | LE | Asav · wall_segment Stone Wall x2 |
| 20:56 | LE | Asav · age_up castle |
| 21:05 | LE | Asav · first_building Monastery |
| 21:17 | 巨大豚 · age_up castle |
| 21:47 | 巨大豚 · first_building Castle |
| 24:11 | 巨大豚 · first_building Monastery |
| 27:59 | 巨大豚 · first_building Stable |
| 28:19 | 巨大豚 · wall_segment Stone Wall x13 |
| 29:19 | LE | Asav · first_building Siege Workshop |
| 30:39 | LE | Asav · first_building Castle |
| 30:44 | LE | Asav · first_building Barracks |
| 31:05 | 巨大豚 · first_market_buy 100 wood |
| 32:11 | LE | Asav · first_building Stable |
| 32:18 | 巨大豚 · age_up imperial |
| 32:33 | 巨大豚 · first_building Siege Workshop |
| 33:32 | LE | Asav · age_up imperial |
| 34:52 | LE | Asav · first_building Archery Range |
| 37:30 | LE | Asav · wall_segment Stone Wall x1 |
| 37:32 | LE | Asav · wall_segment Stone Wall x1 |
| 37:49 | 巨大豚 · resign |
[ AI ANALYSIS · 1 CREDIT ]
What really happened in this match?
Wolo.gg analyzes every decision: build order, eco, micro, common mistakes by bracket. Personalized analysis on WhatsApp or Discord in 30 seconds.
Civ guide
Wei
Perfil
Jugador #3075382